Map: Overgrown Facility

Players

llllllllllll

  • Race: Zerg Zerg
  • League: Silver
  • Spawn Location: 3:00

Grammer

  • Race: Terran Terran
  • League: Gold
  • Spawn Location: 1:00

Nightmare - Winner!

  • Race: Protoss Protoss
  • Spawn Location: 9:00

XxDepravity - Winner!

  • Race: Zerg Zerg
  • League: Gold
  • Spawn Location: 7:00

VOD

Have the link to the VOD?

Description

NeuroW

Time

  • Played on: Jan. 18, 2019, 8:59 p.m.
  • Length: 20:46
Show
View Real Time Build Order
Export as new Build Order

llllllllllll Zerg 

Build Orders: Pool First 

Get SALT Encoding   

  12  0:02  Drone  
  13  0:08  Drone  
  14  0:19  Overlord  
  14  0:25  Extractor, Drone  
  14  0:40  Spawning Pool  
  13  0:47  Drone  
  14  0:52  Drone  
  14  0:55  Drone  
  16  1:00  Drone  
  17  1:10  Drone  
  18  1:30  Hatchery  
  17  1:36  Metabolic Boost  
  17  1:41  Zergling x2  
  17  1:45  Zergling x2  
  19  2:02  Zergling x4  
  21  2:12  Overlord  
  21  2:18  Zergling x2  
  22  2:29  Queen  
  22  2:32  Zergling x2  
  25  2:38  Zergling x2  
  26  2:45  Zergling x2  
  26  2:47  Queen  
  26  2:49  Zergling x2  
  30  3:04  Zergling x2  
  30  3:05  Zergling x4  
  24  3:56  Zergling x4  
  24  3:57  Zergling x14  
  30  4:20  Zergling x8  
  34  4:28  Baneling Nest  
  33  4:34  Drone x2  
  35  4:41  Overlord x2  
  34  4:56  Lair  
  34  4:59  Spore Crawler  
  33  5:00  Spine Crawler  
  20  5:55  Zergling x2  
  20  5:56  Zergling x6  
  20  5:57  Zergling x8  
  28  6:00  Roach Warren  
  28  6:02  Overseer  
  27  6:05  Overseer  
  27  6:13  Drone x2  
  29  6:21  Drone x2  
  29  6:24  Extractor  
  30  6:37  Baneling x3  
  30  6:38  Baneling x4  
  30  6:43  Overseer  
  30  6:46  Drone x3  
  33  6:48  Drone x3  
  33  6:49  Drone x2  
  33  7:46  Roach  
  33  7:47  Roach x8  
  33  7:49  Overlord x3  
  48  8:24  Roach x5  
  48  8:25  Roach  
  60  8:33  Glial Reconstitution  
  60  9:09  Roach x4  
  68  9:14  Overseer x2  
  68  9:16  Overseer x2  
  36  10:32  Roach x5  
  36  10:33  Roach x4  
  54  10:42  Extractor  
  53  11:01  Hatchery  
  52  11:18  Roach  
  52  11:19  Roach x4  
  62  11:34  Overlord x3  
  38  12:15  Hydralisk Den  
  38  12:19  Drone x11  
  38  12:20  Drone x2  
  42  12:35  Extractor  
  41  12:37  Queen  
  41  12:39  Drone  
  41  12:40  Drone x3  
  47  12:55  Roach  
  47  12:56  Roach x6  
  61  13:39  Overlord x3  
  61  13:43  Drone x2  
  61  13:44  Drone x4  
  67  13:55  Extractor  
  66  13:58  Extractor  
  66  13:59  Drone x3  
  68  14:39  Hydralisk x4  
  68  14:40  Hydralisk x9  
  94  14:47  Overlord  
  78  15:16  Spire  
  78  15:20  Infestation Pit  
  76  15:52  Drone x6  
  82  15:59  Hatchery  
  55  16:43  Hive  
  55  16:45  Roach x12  
  55  16:46  Roach  
  81  16:49  Evolution Chamber  
  80  17:00  Drone  
  81  17:03  Overlord x2  
  81  17:04  Overlord  
  81  17:13  Roach  
  81  17:14  Roach x2  
  87  17:23  Roach  
  87  17:24  Roach x6  
  101  17:45  Hydralisk x5  
  101  17:48  Overlord x4  
  111  18:16  Roach  
  111  18:17  Roach x8  
  129  18:25  Zerg Melee Weapons Level 1  
  129  18:42  Queen  
  129  18:44  Drone  
  129  18:45  Drone x6  
  129  18:47  Roach x3  
  144  19:15  Overlord x5  
  144  19:16  Overlord  
  144  19:19  Greater Spire  
  64  19:58  Roach  
  64  19:59  Roach x16  
  106  20:00  Roach x4  
  106  20:05  Overseer x3  
Show
View Real Time Build Order
Export as new Build Order

Grammer Terran 

Build Orders:  

Get SALT Encoding   

  12  0:15  Supply Depot  
  12  0:16  SCV  
  13  0:28  SCV  
  14  0:39  Barracks  
  14  0:40  SCV  
  15  0:52  SCV  
  15  0:55  Barracks  
  16  1:05  SCV  
  16  1:08  Refinery  
  17  1:17  SCV  
  18  1:26  Supply Depot, Marine  
  19  1:43  Barracks  
  19  1:44  Marine  
  20  1:51  Barracks  
  20  1:55  Marine  
  21  2:02  Marine  
  22  2:11  Orbital Command  
  22  2:13  Marine  
  23  2:21  Barracks Reactor  
  23  2:30  Marine  
  24  2:39  Barracks  
  24  2:46  Marine  
  24  2:47  Supply Depot, Marine  
  26  2:52  Marine  
  26  2:57  Marine x2  
  29  3:04  Marine  
  30  3:08  Marine  
  30  3:10  Marine  
  32  3:14  Marine  
  32  3:16  Supply Depot  
  32  3:19  Marine  
  34  3:28  Marine  
  34  3:29  Marine x2  
  34  3:30  Marine  
  38  3:35  Marine  
  38  3:37  Marine  
  40  3:46  Marine x2  
  42  4:03  Marine x3  
  42  4:04  Marine x2  
  40  4:21  Marine x2  
  40  4:22  Marine x3  
  41  4:31  Marine  
  42  4:39  Marine x3  
  42  4:48  Supply Depot  
  42  4:51  Marine x2  
  42  4:52  Marine  
  37  5:02  Factory  
  35  5:20  Barracks Tech Lab  
  35  5:22  Marine x3  
  35  5:23  Marine x2  
  40  5:40  Marine  
  41  5:48  Factory Tech Lab  
  41  5:49  Starport  
  41  5:55  Supply Depot  
  41  5:57  Marine x5  
  46  6:19  Marine  
  46  6:20  Marine x5  
  52  6:27  Combat Shield  
  52  6:37  Marine x2  
  52  6:38  Marine  
  52  6:39  Starport Tech Lab  
  55  6:47  Refinery  
  55  6:48  Marine x2  
  54  7:16  Marine x2  
  54  7:17  Marine x4  
  60  7:28  Raven  
  62  7:34  Marine  
  44  7:45  Marine  
  44  7:46  Marine x4  
  41  8:17  Marine x6  
  38  8:34  Marine  
  39  8:49  Command Center  
  39  9:07  Marine x3  
  39  9:08  Marauder, Marine x2  
  46  9:34  Marine x5  
  46  9:35  Marine  
  52  9:52  Marine x4  
  45  10:09  Marine x3  
  45  10:10  Marine x3  
  39  10:36  Marauder, Marine  
  40  10:55  Siege Tank  
  43  10:57  Marauder  
  36  11:06  SCV  
  37  11:18  SCV  
  37  11:19  Marauder  
  37  11:21  Concussive Shells  
  40  11:31  SCV  
  40  11:32  Refinery  
  41  11:40  Marauder, Medivac  
  41  11:43  SCV  
  46  11:50  Marine  
  46  11:51  Marine  
  48  12:01  Marauder  
  41  12:10  Medivac  
  41  12:12  Marine x5  
  42  12:23  Marauder  
  44  12:30  SCV, Marine x5  
  50  12:39  Stimpack  
  50  12:42  SCV  
  51  12:44  Marauder  
  51  12:48  Marine x3  
  56  12:54  SCV  
  56  12:56  Engineering Bay  
  57  13:00  Marine x2  
  57  13:05  Marine x3  
  59  13:06  SCV  
  59  13:12  Siege Tank  
  66  13:24  Marine x6  
  70  13:42  Marine x6  
  76  13:50  Siege Tank  
  76  13:51  Supply Depot  
  79  13:59  Marine  
  80  14:03  Marine x2  
  80  14:04  Marine x3  
  84  14:14  Supply Depot  
  78  14:17  Marine  
  78  14:21  Marine x2  
  81  14:26  SCV  
  81  14:30  Siege Tank  
  85  14:31  Marine x2  
  85  14:32  Marine  
  85  14:38  SCV  
  89  14:50  SCV  
  56  14:54  Marine x4  
  55  15:03  Marine x2  
  57  15:12  Marine x4  
  47  15:20  Siege Tank  
  50  15:21  Marauder  
  52  15:36  Factory  
  54  15:43  Marauder  
  54  15:46  Refinery  
  54  16:00  Command Center  
  54  16:06  Terran Infantry Weapons Level 1  
  54  16:08  Marine  
  55  16:23  Marine x3  
  58  16:27  Factory Tech Lab  
  58  16:45  Siege Tank  
  58  16:47  Siege Tank  
  64  16:48  Marine x2  
  66  17:00  Missile Turret  
  66  17:18  Siege Tank, Marine x2  
  66  17:19  Siege Tank  
  74  17:29  Marine x3  
  76  17:30  Marine  
  76  17:36  Marine  
  76  17:49  Marine x4  
  76  17:50  Marauder, Siege Tank  
  85  17:56  SCV  
  86  18:07  Marine x5  
  86  18:08  SCV  
  86  18:10  Marine  
  86  18:12  Siege Tank  
  96  18:18  Supply Depot  
  96  18:20  SCV  
  96  18:22  Siege Tank  
  96  18:23  Missile Turret  
  96  18:25  Marine x5  
  105  18:28  Marine  
  105  18:32  SCV, Armory  
  107  18:41  Supply Depot  
  107  18:42  Marine  
  107  18:43  Marine x4  
  107  18:44  Siege Tank, SCV  
  107  18:46  Marine  
  117  18:54  Siege Tank  
  120  18:56  SCV  
  120  19:00  Marine x2  
  120  19:01  Marine x2, Missile Turret  
  120  19:02  Marine  
  126  19:04  Marine  
  126  19:08  Supply Depot, SCV  
  128  19:16  Siege Tank  
  131  19:18  Marine x2  
  133  19:26  Supply Depot  
  133  19:29  Marine x3  
  133  19:30  Marauder, Medivac  
  140  19:31  Supply Depot  
  140  19:36  Marine x2  
  125  19:47  Marine x3  
  125  19:51  Marauder  
  93  19:54  Marine x2  
  93  19:59  Medivac  
  66  20:05  Marine x3  
  68  20:11  Marine  
  68  20:12  Marine  
  68  20:13  Marauder  
  60  20:23  Marine x3  
Show
View Real Time Build Order
Export as new Build Order

Nightmare Protoss - Winner!

Build Orders: Zealot Archon, Dark Templar Rush 

Get SALT Encoding   

  1  0:00  Probe  
  12  0:05  Probe  
  14  0:15  Probe  
  15  0:21  Pylon  
  15  0:39  Probe  
  15  0:41  Gateway  
  16  0:51  Probe  
  16  0:54  Forge  
  17  1:04  Assimilator, Probe  
  18  1:15  Probe  
  18  1:19  Assimilator  
  18  1:23  Probe  
  19  1:29  Cybernetics Core  
  20  1:33  Probe  
  20  1:39  Zealot  
  23  1:49  Pylon  
  23  1:59  Pylon  
  23  2:00  Warp Gate  
  23  2:07  Probe  
  24  2:17  Twilight Council  
  24  2:19  Probe  
  25  2:26  Photon Cannon  
  25  2:47  Nexus  
  25  2:57  Dark Shrine  
  25  3:10  Photon Cannon  
  25  3:17  Gateway  
  25  3:47  Gateway  
  25  3:50  Zealot  
  27  3:57  Charge  
  27  4:20  Protoss Ground Weapons Level 1  
  27  4:21  Dark Templar x2  
  31  4:26  Probe  
  31  4:27  Gateway, Probe  
  29  4:38  Probe  
  29  4:39  Probe  
  31  4:51  Probe  
  32  4:58  Dark Templar x2  
  36  5:01  Probe  
  36  5:03  Probe  
  38  5:11  Zealot  
  38  5:13  Probe  
  41  5:15  Probe  
  42  5:26  Probe  
  43  5:59  Robotics Facility  
  43  6:02  Pylon x2  
  43  6:04  Photon Cannon  
  43  6:06  Dark Templar x2  
  47  6:12  Archon x2  
  47  6:16  Zealot  
  49  6:22  Probe x2  
  49  6:25  Assimilator  
  51  6:30  Assimilator  
  51  6:32  Pylon  
  51  6:34  Probe x2  
  53  6:46  Probe x2  
  55  6:49  Zealot x2  
  55  6:50  Dark Templar  
  61  6:55  Gateway  
  61  6:56  Gateway  
  61  6:58  Probe  
  62  7:04  Zealot  
  54  7:17  Archon  
  54  7:21  Zealot x2  
  58  7:23  Zealot  
  58  7:26  Zealot  
  62  7:32  Protoss Ground Weapons Level 2  
  48  7:49  Zealot x2  
  48  7:50  Zealot x4  
  52  8:12  Dark Templar x3  
  55  8:13  Dark Templar  
  51  8:23  Archon x2  
  51  8:25  Zealot x2  
  55  8:33  Probe  
  56  8:52  Nexus  
  56  9:14  Robotics Facility  
  56  9:28  Dark Templar x2  
  56  9:29  Dark Templar x2  
  56  9:30  Zealot x2  
  68  9:32  Archon  
  68  9:33  Archon  
  64  9:55  Zealot x2  
  54  10:11  Dark Templar x2  
  54  10:12  Dark Templar  
  46  10:18  Zealot x2  
  46  10:19  Zealot  
  52  10:23  Archon  
  44  10:43  Dark Templar x2  
  44  10:45  Zealot x3  
  44  10:46  Zealot  
  56  10:50  Immortal  
  56  10:53  Gateway  
  56  10:55  Gateway  
  60  11:03  Archon  
  58  11:06  Zealot x4  
  58  11:07  Zealot x2  
  70  11:15  Probe x3  
  73  11:27  Probe  
  73  11:32  Protoss Ground Weapons Level 3  
  74  11:36  Pylon, Probe x2  
  74  11:37  Pylon  
  74  11:39  Probe  
  77  11:48  Probe  
  77  11:50  Immortal  
  68  12:19  Immortal  
  68  12:26  Zealot x3  
  68  12:27  Dark Templar x2, Stalker  
  68  12:29  Immortal  
  84  12:35  Archon  
  84  12:41  Robotics Bay  
  84  12:42  Probe x2  
  84  12:43  Probe  
  87  12:46  Assimilator  
  87  12:47  Assimilator  
  87  12:54  Probe  
  88  13:00  Zealot x2  
  88  13:01  Zealot x3  
  98  13:12  Pylon, Robotics Bay  
  98  13:14  Pylon  
  98  13:25  Immortal  
  106  13:27  Immortal  
  106  13:35  Zealot  
  106  13:36  Zealot x2  
  106  13:37  Dark Templar  
  114  13:56  Pylon  
  114  13:58  Pylon  
  114  14:01  Zealot x3  
  120  14:07  Colossus x2  
  120  14:21  Zealot  
  120  14:22  Zealot x3  
  140  14:35  Stargate  
  140  14:44  Pylon  
  140  14:46  Pylon  
  140  14:48  Pylon  
  140  14:49  Pylon  
  122  15:00  Zealot  
  122  15:01  Zealot x2  
  118  15:22  Stalker x3  
  118  15:23  Stalker x3  
  118  15:26  Oracle  
  133  15:39  Pylon  
  133  15:42  Pylon  
  133  15:56  Dark Templar x2  
  137  15:57  Dark Templar  
  137  16:01  Dark Templar  
  137  16:03  Archon  
  141  16:06  Archon  
  141  16:13  Nexus  
  141  16:15  Pylon  
  141  16:18  Pylon, Zealot x2  
  135  16:22  Assimilator  
  130  16:39  Colossus  
  130  16:40  Colossus  
  142  16:56  Stalker  
  142  16:57  Zealot  
  146  17:05  Protoss Shields Level 1  
  146  17:07  Extended Thermal Lance  
  146  17:27  Zealot x3  
  152  17:33  Colossus  
  152  17:35  Observer  
  159  17:47  Sentry x2  
  159  17:49  Zealot  
  159  17:50  Zealot  
  167  17:55  Warp Prism  
  167  17:56  Forge  
  169  17:59  Probe x3  
  172  18:28  Pylon  
  172  18:30  Pylon  
  180  18:34  Immortal x2  
  180  18:36  Dark Templar  
  180  18:37  Dark Templar  
  180  18:41  Archon  
  184  18:43  Oracle  
  184  18:47  Gravitic Boosters  
  187  19:13  Observer  
  188  19:21  Dark Templar  
  188  19:22  Dark Templar  
  192  19:24  Stalker x3  
  175  19:45  Immortal  
  123  20:00  Zealot  
  123  20:01  Zealot x4  
Show
View Real Time Build Order
Export as new Build Order

XxDepravity Zerg - Winner!

Build Orders: Hatch First 

Get SALT Encoding   

  12  0:01  Drone  
  13  0:13  Overlord  
  13  0:33  Drone x3  
  16  0:48  Drone  
  17  1:00  Hatchery  
  16  1:06  Drone x2  
  16  1:10  Extractor  
  17  1:23  Spawning Pool  
  16  1:36  Drone  
  16  1:37  Drone  
  16  1:39  Drone  
  19  1:59  Overlord  
  19  2:01  Drone  
  20  2:14  Queen  
  20  2:15  Queen  
  24  2:16  Zergling x4  
  26  2:28  Drone x2  
  28  2:32  Drone  
  29  3:06  Drone  
  29  3:10  Hatchery  
  29  3:12  Lair  
  29  3:13  Drone  
  29  3:14  Drone x3  
  29  3:17  Extractor  
  29  3:19  Drone x2  
  33  3:32  Zergling x4  
  24  3:34  Zergling x6  
  11  4:00  Zergling x10  
  14  4:05  Drone  
  12  4:36  Drone x3  
  15  4:49  Hydralisk Den  
  11  5:04  Drone x2  
  1  5:26  Drone  
  1  5:36  Drone  
  1  5:51  Hatchery  
  1  5:57  Drone  
  1  8:14  Drone x3  
  4  9:16  Hatchery  
  3  11:04  Drone x3  
  6  11:17  Hydralisk  
  8  11:34  Drone  
  9  11:45  Drone  
  10  11:48  Drone  
  11  12:08  Drone  
  12  12:27  Drone x2  
  14  12:39  Overlord  
  14  12:45  Spawning Pool  
  14  12:48  Extractor  
  12  12:53  Drone  
  12  12:55  Drone  
  14  13:37  Queen  
  14  13:41  Drone x3  
  18  13:42  Spine Crawler  
  18  13:56  Drone  
  19  14:27  Drone x2  
  19  14:28  Drone  
  22  14:40  Spine Crawler  
  22  14:44  Spore Crawler  
  20  14:46  Hatchery  
  19  15:15  Drone x3  
  19  15:20  Overlord x2  
  22  15:39  Lair  
  22  15:41  Drone x2  
  24  15:43  Extractor  
  23  15:55  Spine Crawler  
  22  15:59  Queen  
  24  16:09  Drone x2  
  26  16:12  Drone  
  27  16:49  Drone x2  
  27  16:50  Drone  
  30  16:55  Drone  
  30  17:00  Drone x2  
  33  17:21  Metabolic Boost  
  33  17:25  Drone x6  
  39  17:33  Hydralisk Den  
  38  17:41  Infestation Pit  
  37  17:49  Evolution Chamber  
  36  17:52  Evolution Chamber  
  35  17:58  Spine Crawler  
  35  18:00  Drone  
  35  18:01  Drone x3  
  38  18:06  Muscular Augments  
  38  18:08  Hydralisk x3  
  38  18:11  Overlord  
  44  18:16  Zerg Missile Weapons Level 1  
  44  18:18  Zerg Ground Armor Level 1  
  44  18:30  Drone x3  
  47  18:51  Drone x5  
  47  18:54  Overlord  
  52  19:07  Hive  
  52  19:13  Overlord x3  
  52  19:21  Hatchery  
  52  19:24  Spore Crawler  
  50  19:33  Hatchery  
  50  19:55  Lurker Den  
  50  19:58  Spine Crawler  
  48  20:04  Hatchery  
  47  20:10  Nydus Network  
  46  20:25  Spore Crawler  
Tags
 
Add a new tag
Caveats
  • Supply blocks, unpowered buildings, or Contaminate may cause inaccurate times.
  • Supply counts are checked every 10 seconds.